 Dungeon Crawl Stone Soup version 0.29.1-15-g9cfb28693d (webtiles) character file.

Game seed: 18267010116919620297

43 devnull the Chopper (level 3, 0/29 HPs)
             Began as a Human Gladiator on Feb 25, 2023.
             Slain by a gnoll
             ... wielding a +0 club
              (4 damage)
             ... on level 3 of the Dungeon.
             The game lasted 00:03:03 (1761 turns).

devnull the Chopper (Human Gladiator)               Turns: 1761, Time: 00:03:04

Health: 0/29       AC: 11    Str: 16    XL:     3   Next: 82%
Magic:  3/3        EV:  7    Int:  8    God:
Gold:   167        SH:  0    Dex: 14    Spells: 2/2 levels left

rFire   . . .      SeeInvis .   j - +1 war axe (vamp)
rCold   . . .      Faith    .   (no shield)
rNeg    . . .      Spirit   .   n - +0 chain mail
rPois   .          Reflect  .   c - +0 helmet
rElec   .          Harm     .   q - +1 cloak
rCorr   .          Rampage  .   (no gloves)
Will    .....                   (no boots)
Stlth   ..........              (no amulet)
HPRegen 0.09/turn               (no ring)
MPRegen 0.08/turn               (no ring)

@: no status effects
A: no striking features
a: no special abilities


You were on level 3 of the Dungeon.
You visited 1 branch of the dungeon, and saw 3 of its levels.

You collected 167 gold pieces.

Inventory:

Hand Weapons
 j - a +1 vampiric war axe (weapon)
Missiles
 a - 6 poisoned darts
 d - 4 throwing nets (quivered)
 e - a javelin
Armour
 c - a +0 helmet (worn)
 n - a +0 chain mail (worn)
 q - a +1 cloak (worn)
Jewellery
 b - a ring of flight
Scrolls
 f - a scroll of vulnerability {unknown}
 i - a scroll of amnesia {unknown}
 k - a scroll of teleportation {unknown}
 l - a scroll of butterflies
 p - a scroll of magic mapping
 r - a scroll of acquirement {unknown}
 s - a scroll of blinking {unknown}
Potions
 g - a potion of berserk rage {unknown}
 h - a potion of mutation {unknown}
 m - a potion of attraction {unknown}
 o - a potion of lignification {unknown}


   Skills:
 + Level 3.0 Fighting
 + Level 3.8 Axes
 - Level 2.0 Throwing
 - Level 3.0 Dodging


You had 2 spell levels left.
You didn't know any spells.
Your spell library contained the following spells:

 Spells                   Type           Power      Damage    Failure   Level
 Gell's Gravitas          Tloc           0%         N/A       100%        3
 Lesser Beckoning         Tloc           0%         N/A       100%        3
 Teleport Other           Tloc           0%         N/A       100%        3


Dungeon Overview and Level Annotations

Branches:
Dungeon (3/15)

Altars:


Message History

The gnoll is heavily wounded.
You hit the gnoll. The gnoll hits you with a +0 halberd!
You barely miss the gnoll.
The gnoll is heavily wounded.
You hit the gnoll but do no damage. The gnoll hits you with a +0 halberd.
The gnoll hits you with a +0 club. The gnoll hits you with a +0 flail.
The gnoll hits you with a +0 club.
* * * LOW HITPOINT WARNING * * *
The gnoll hits you with a +0 halberd.
* * * LOW HITPOINT WARNING * * *
Okay, then.
Unknown command.
Okay, then.
Unknown command.
You aren't carrying any items that you can evoke.
Unknown command.
Unknown command.
Unknown command.
Unknown command.
The gnoll barely misses you.
You see here a dart slug corpse.
The gnoll barely misses you. The gnoll attacks as you move away!
The gnoll hits you but does no damage.
Unknown command.
The gnoll attacks as you move away! The gnoll hits you with a +0 club.
* * * LOW HITPOINT WARNING * * *
The gnoll attacks as you move away! The gnoll barely misses you.
There is an open door here.
You closely miss the gnoll.
The gnoll is moderately wounded.
The gnoll closely misses you.
You hit the gnoll.
The gnoll is heavily wounded.
The gnoll barely misses you.
You hit the gnoll.
You feel better.
The gnoll is almost dead.
The gnoll hits you but does no damage. The gnoll closely misses you.
The gnoll barely misses you. The gnoll attacks as you move away!
The gnoll hits you with a +0 club.
You die...

####...... ## #.........
.# #...# .# #†..# .#
#######+### #...# .#
#.........###...# .#
#..........g....+ .#
#......ggg.##.^.# .#
#######@##.##..=#
.######## #.##.##...#
..#.....########.##.######
..'.....................
###.....########.##.####
#.....# #.##.#
####........ #(.#.#
#[....... ##.#.# #........
.#


You could see 4 gnolls.

Vanquished Creatures
  2 dart slugs
  3 bats
  5 endoplasms
  A giant cockroach (D:2)
  3 goblins (D:1)
  A hobgoblin (D:2)
  6 jackals
  A kobold (D:1)
  A quokka (D:1)
  3 ball pythons
  4 frilled lizards
  3 rats
33 creatures vanquished.

Notes
Turn   | Place    | Note
-------+----------+-------------------------------------------
     0 | D:1      | devnull the Human Gladiator began the quest for the Orb.
     0 | D:1      | Reached XP level 1. HP: 16/16 MP: 1/1
   215 | D:1      | Reached XP level 2. HP: 16/22 MP: 2/2
   412 | D:1      | Found a faded altar of an unknown god.
   611 | D:1      | Reached XP level 3. HP: 28/28 MP: 3/3
  1755 | D:3      | HP: 1/29 [gnoll/+0 club (4)]
  1761 | D:3      | Slain by a gnoll

Illustrated notes

Levels and vault maps discovered:
D:1:      nzn_arrival_crosshair, layout_rooms, shapermc_ecumenical_altar_petra
D:2:      layout_basic
D:3:      layout_basic, elyvilon_altar_1

Skill      XL: |  1  2  3 |
---------------+----------+-----
Fighting       | 3 |  3.0
Axes           | |  3.8
Throwing       | |  2.0
Dodging        | |  3.0

Action                   || total
-------------------------++-------
Melee: War axe           ||    85
  Use: Scroll            ||     2
Armor: Leather armour    ||    19
       Chain mail        ||    32
Dodge: Dodged            ||    67
